AoeStats
← Tunga

Arabia

505301648Analyzed
1v1 RM · 24d ago on Sep 8, 2026· 62m 35s· 2 players
Game mode
Random Map
Map size
Tiny (2 player)
Population
200
Speed
Normal
Resources
Standard
Victory
Conquest
Starting age
Dark Age
Ending age
Imperial Age
RankedLock teamsTeams togetherTeam positionsShared explorationLock speedFull tech treeHidden civsTurbo modeCheats
Victory
Defeat
🇪🇸 Persians · Spain
770
+15
🇹🇷 Vikings · Türkiye
759
-15
Tunga
6:16 Loom
11:35 Feudal Age
12:27 Man-at-Arms
23:46 Scale Mail Armor
23:57 Forging
26:58 Castle Age
28:45 Pikeman
29:25 Squires
32:44 Double-Bit Axe
32:43 Horse Collar
33:57 Bow Saw
33:50 Heavy Plow
37:23 Imperial Age
39:44 Block Printing
40:25 Chieftains
41:12 Elite Berserk
43:09 Elite Skirmisher
43:22 Cavalier
45:15 Scale Barding Armor
50:53 Ballistics
51:35 Chemistry
51:30 Padded Archer Armor
51:20 Fletching
54:18 Hoardings
XsFerA
12:54 Feudal Age
19:27 Castle Age
18:28 Scale Barding Armor
18:51 Bloodlines
23:42 Double-Bit Axe
24:43 Forging
25:30 Husbandry
32:42 Kamandaran
33:13 Crossbowman
34:16 Fletching
35:10 Ballistics
35:22 Bow Saw
35:17 Gold Mining
36:55 Thumb Ring
37:51 Wheelbarrow
37:44 Horse Collar
42:57 Imperial Age
41:58 Bodkin Arrow
42:04 Padded Archer Armor
42:42 Iron Casting
43:57 Leather Archer Armor
43:30 Cavalier
45:34 Chain Barding Armor
45:50 Hand Cart
46:45 Two-Man Saw
48:08 Blast Furnace
48:42 Plate Barding Armor
50:44 Chemistry
50:20 Savar
53:27 Gold Shaft Mining
Connection lost

Rejoining the realm…

Still unreachable

The connection could not be restored.

Session expired

The server has moved on; the page needs a fresh start.